 Dungeon Crawl Stone Soup version 0.22-a0-800-g058c00f (webtiles) character file.

185 Ekaitz the Digger (level 5, 0/37 HPs)
             Began as a Vampire Earth Elementalist on July 22, 2018.
             Was a Follower of Uskayaw.
             Slain by an orc
             ... wielding a +0 flail
              (7 damage)
             ... on level 3 of the Dungeon.
             The game lasted 00:06:51 (1924 turns).

Ekaitz the Digger (Vampire Earth Elementalist)      Turns: 1924, Time: 00:06:52

Health: 0/37       AC:  3    Str:  7    XL:     5   Next: 37%
Magic:  2/9        EV: 13    Int: 18    God:    Uskayaw [*.....]
Gold:   111        SH:  0    Dex: 15    Spells: 3/9 levels left

rFire    . . .     SeeInvis +   i - -3 dagger (curse)
rCold    . . .     Gourm    .   (no shield)
rNeg     + . .     Faith    .   a - +0 robe (curse)
rPois    .         Spirit   .   (no helmet)
rElec    .         Reflect  .   (no cloak)
rCorr    .         Harm     .   (no gloves)
MR       .....                  m - +0 pair of boots
Stlth    +++.......             (no amulet)
HPRegen  0.12/turn              (no ring)
MPRegen  0.11/turn              (no ring)

@: very slightly contaminated
A: fangs 3, see invisible, unbreathing
a: Bat Form, Stomp, Renounce Religion


You were on level 3 of the Dungeon.
You worshipped Uskayaw.
Uskayaw was noncommittal.
You were not thirsty.

You visited 1 branch of the dungeon, and saw 3 of its levels.

You collected 111 gold pieces.

Inventory:

Hand Weapons
 c - a +0 dagger
 e - a +0 hunting sling
 i - a cursed -3 dagger (weapon)
Missiles
 b - 45 stones (quivered)
 n - 19 bolts
Armour
 a - a cursed +0 robe (worn)
 m - a +0 pair of boots (worn)
Scrolls
 g - a scroll of random uselessness {unknown}
 j - a scroll of remove curse {unknown}
 k - 5 scrolls of identify {unknown}
 l - a scroll of fear {unknown}
Potions
 d - 9 potions of blood
 f - a potion of brilliance {unknown}
 h - a potion of resistance {unknown}
 o - a potion of berserk rage {unknown}


   Skills:
 * Level 1.5 Fighting
 + Level 0.7 Short Blades
 + Level 2.5 Dodging
 + Level 3.8 Stealth
 + Level 2.8 Spellcasting
 * Level 0.7 Conjurations
 + Level 1.1 Transmutations
 + Level 4.4 Earth Magic
 * Level 0.2 Invocations


You had 3 spell levels left.
You knew the following spells:

 Your Spells              Type           Power        Failure   Level  Hunger
a - Sandblast             Erth           ###...       2%          1    None
b - Passwall              Tmut/Erth      ##......     8%          2    ##.....
c - Stone Arrow           Conj/Erth      ##....       17%         3    ###....

Your spell library contained the following spells:

 Spells                   Type           Power        Failure   Level  Hunger
 Lee's Rapid Deconstruct  Erth           ###.......   58%         5    ######.
 Petrify                  Tmut/Erth      ##......     45%         4    ####...


Dungeon Overview and Level Annotations

Branches:
Dungeon (3/15)

Altars:
Fedhas
Trog
Uskayaw
Vehumet


Innate Abilities, Weirdness & Mutations

You have razor-sharp teeth.
You have supernaturally acute eyesight. (SInv)
You can survive without breathing.


Message History

The orc hits you with a flail!
You hit the orc but do no damage.
The orc is severely wounded.
The orc misses you.
You hit the orc but do no damage.
The orc is severely wounded.
The orc hits you with a flail!
* * * LOW HITPOINT WARNING * * *
You closely miss the orc.
The orc is severely wounded.
You hit the orc but do no damage.
The orc is severely wounded.
The orc closely misses you.
You hit the orc but do no damage.
The orc is severely wounded.
The orc hits you but does no damage.
You hit the orc but do no damage.
The orc is severely wounded.
The orc hits you with a flail!
You die...

. #.#.#####.### ..
..#.# #...# .. #.#.#
#...# .# ###.#.# #.o.#
.# #.....# ##o##
.####.....### #s#
.<..........# #o#
..###.......# #o# #
.## #.......# #@# #
..#####.##..# #.# #
##.## #.##..# #.# #
##.###.#...# #.# #
#.....#.#.# ##.#### #
##.####....# #.....# #
##.####.#.#.###..##.#
#
..####.##....##..##.#
#
...............>.##.##
#


You could see 4 orcs and a giant cockroach.

Vanquished Creatures
  A hound (D:3)
  Natasha (thrice) (D:2)
  3 adders
  An ooze (D:1)
  2 dart slugs (D:1)
  2 leopard geckos (D:1)
  4 orcs (D:3)
  A ball python (D:2)
  4 bats
  A giant cockroach (D:3)
  7 goblins
  A hobgoblin (D:1)
  3 kobolds (D:2)
  6 frilled lizards
  6 rats
45 creatures vanquished.

Notes
Turn   | Place    | Note
-------+----------+-------------------------------------------
     0 | D:1      | Ekaitz the Vampire Earth Elementalist began the quest for the Orb.
     0 | D:1      | Reached XP level 1. HP: 13/13 MP: 3/3
   155 | D:1      | Reached XP level 2. HP: 20/20 MP: 1/5
   165 | D:1      | Learned a level 2 spell: Passwall
   852 | D:2      | Reached XP level 3. HP: 25/25 MP: 4/6
   890 | D:2      | Learned a level 3 spell: Stone Arrow
  1074 | D:2      | Noticed Natasha
  1160 | D:2      | Killed Natasha
  1160 | D:2      | Reached skill level 1 in Fighting
  1160 | D:2      | Reached XP level 4. HP: 15/32 MP: 0/7
  1273 | D:2      | Noticed Natasha
  1291 | D:2      | Killed Natasha
  1291 | D:2      | Reached skill level 4 in Earth Magic
  1361 | D:2      | Found a blossoming altar of Fedhas.
  1509 | D:2      | Noticed Natasha
  1515 | D:2      | Killed Natasha
  1616 | D:3      | Noticed a dagger
  1616 | D:3      | Noticed a dagger
  1619 | D:3      | Found a hide-covered altar of Uskayaw.
  1635 | D:3      | Became a worshipper of Uskayaw the Reveler
  1666 | D:3      | Reached XP level 5. HP: 37/37 MP: 7/9
  1666 | D:3      | Reached * piety under Uskayaw
  1761 | D:3      | Found a bloodstained altar of Trog.
  1761 | D:3      | Found a radiant altar of Vehumet.
  1924 | D:3      | Slain by an orc

Vault maps used:
D:1:      dpeg_arrival_radiant, serial_bayou_lake_a
D:2:      lemuel_round_altar, uniq_natasha
D:3:      makhleb_grotto_becter, dancing_weapons_uskayaw, xom_redecorated,
          gammafunk_temple_overflow_elements, lemuel_coloured_pillars_altar,
          uniq_jessica

Skill      XL: |  1  2  3  4 |
---------------+-------------+-----
Fighting       | 1 |  1.5
Earth Magic    | 4 |  4.4
Short Blades   | |  0.7
Dodging        | |  2.5
Stealth        | |  3.8
Spellcasting   | |  2.8
Conjurations   | |  0.7
Transmutations | |  1.1
Invocations    | |  0.2

Action                   |  1- 3 |  4- 6 || total
-------------------------+-------+-------++-------
Melee: Dagger            |    76 |    67 ||   143
       Bite              |     8 |     5 ||    13
 Cast: Sandblast         |    18 |    13 ||    31
       Passwall          |     5 |     5 ||    10
       Stone Arrow       |     2 |     3 ||     5
 Abil: End Transformatio |       |     1 ||     1
       Bat Form          |       |     1 ||     1
  Use: Potion            |     2 |     1 ||     3
 Stab: Sleeping          |     5 |     7 ||    12
  Eat: Corpse            |     8 |       ||     8
Armor: Robe              |     7 |    12 ||    19
Dodge: Dodged            |    43 |    35 ||    78

Table legend:
 A = Spawn XP
 B = Non-spawn XP
 C = Spawn XP percentage of total XP
 D = Spawn monster count
 E = Non-spawn monster count
 F = Spawn count percentage of total count
 G = Total turns spent on level
                    A         B        C        D         E        F      G
               +---------+---------+-------+---------+---------+-------+---------
         Total |       0 |     265 |   0.0 |       0 |      45 |   0.0 |  1924
               +---------+---------+-------+---------+---------+-------+---------
           D:1 |       0 |      40 |   0.0 |       0 |      18 |   0.0 |   832
           D:2 |       0 |     141 |   0.0 |       0 |      18 |   0.0 |   729
           D:3 |       0 |      84 |   0.0 |       0 |       9 |   0.0 |   363
               +---------+---------+-------+---------+---------+-------+---------
